 Dungeon Crawl Stone Soup version 0.20-a0-522-g0b37eee (webtiles) character file.

15009 nubinia the Thaumaturge (level 11, -23/56 HPs)
             Began as a Deep Elf Conjurer on Jan 24, 2017.
             Was an Elder of Sif Muna.
             Annihilated by a death yak (25 damage)
             ... on level 3 of the Lair of Beasts on Jan 25, 2017.
             The game lasted 01:13:20 (14177 turns).

nubinia the Thaumaturge (Deep Elf Conjurer)        Turns: 14177, Time: 01:13:21

Health: -23/56     AC: 11    Str:  5    XL:     11   Next: 96%
Magic:  18/40      EV: 11    Int: 22    God:    Sif Muna [****..]
Gold:   597        SH:  0    Dex: 19    Spells: 22/38 levels left

rFire    . . .     SeeInvis .   a - +2 short sword (protect)
rCold    . . .     Gourm    .   M - +4 ring mail of Instinct {rPois MR- Regen+ Dex+2}
rNeg     . . .     Faith    .   (no shield)
rPois    +         Spirit   .   (no helmet)
rElec    .         Reflect  .   K - +0 cloak {rPois}
rCorr    .         Harm     .   (no gloves)
MR       +....                  r - +0 pair of boots
Stlth    +++.......             (no amulet)
Regen    0.6/turn               A - ring of magical power
                                o - ring of protection from magic

@: no status effects
A: no striking features
a: Divine Energy, Channel Magic, Forget Spell, Renounce Religion


You were on level 3 of the Lair of Beasts.
You worshipped Sif Muna.
Sif Muna was greatly pleased with you.
You were not hungry.

You visited 3 branches of the dungeon, and saw 14 of its levels.

You collected 597 gold pieces.

Inventory:

Hand Weapons
 a - a +2 short sword of protection (weapon)
 h - a +1 dagger
 n - a +0 short sword of draining
 x - the +1 rapier of Luxury {antimagic, rN+ MR- Stlth+}
   (You found it on level 4 of the Dungeon)

   It reduces the magical energy of the wielder, and disrupts the spells and
   magical abilities of those hit.
   Natural abilities and divine invocations are not affected.
   It protects you from negative energy.
   It affects your resistance to hostile enchantments.
   It makes you more stealthy.
 D - a +1 dagger of speed
Armour
 r - a +0 pair of boots (worn)
 v - a +0 robe of magic resistance
 z - a +0 cloak
 J - a +0 robe
 K - a +0 cloak of poison resistance (worn)
 M - the +4 ring mail of Instinct (worn) {rPois MR- Regen+ Dex+2}
   (You found it on level 8 of the Dungeon)

   It affects your dexterity (+2).
   It protects you from poison.
   It affects your resistance to hostile enchantments.
   It increases your rate of regeneration.
Jewellery
 o - a ring of protection from magic (left hand)
 w - the ring of Fadileh {rC+ AC-2}
   (You found it on level 4 of the Dungeon)

   [ring of protection]

   It affects your AC (-2).
   It protects you from cold.
 A - a ring of magical power (right hand)
 O - an uncursed ring of resist corrosion
Wands
 F - a wand of flame (20/48)
 G - a wand of flame (30/48)
 N - a wand of acid (3/15)
 Q - a wand of flame (28/48)
Scrolls
 e - a scroll of recharging
 j - a scroll of amnesia
 q - 2 scrolls of remove curse
 t - 2 scrolls of teleportation
 u - a scroll of magic mapping
 E - 6 scrolls of identify
Potions
 d - 3 potions of agility
 g - 3 potions of curing
 i - a potion of resistance
 m - 2 potions of cancellation
 s - 3 potions of heal wounds
 B - 2 potions of flight
 C - a potion of brilliance
 H - 2 potions of mutation
 L - 2 potions of might
 P - a potion of berserk rage
 R - a potion of haste
Books
 b - a book of Conjurations

   Spells                             Type                      Level
   a - Magic Dart                     Conjuration                  1
   b - Searing Ray                    Conjuration                  2
   c - Dazzling Spray                 Conjuration/Hexes            3
   d - Fulminant Prism                Conjuration/Hexes            4
   e - Iskenderun's Mystic Blast      Conjuration                  4
   f - Iskenderun's Battlesphere      Conjuration/Charms           5
 f - a book of Debilitation

   Spells                             Type                      Level
   a - Corona                         Hexes                        1
   b - Slow                           Hexes                        2
   c - Gell's Gravitas                Hexes/Translocation          3
   d - Inner Flame                    Hexes/Fire                   3
   e - Cause Fear                     Hexes                        4
   f - Leda's Liquefaction            Hexes/Earth                  4
 I - a book of Frost

   Spells                             Type                      Level
   a - Freeze                         Ice                          1
   b - Throw Frost                    Conjuration/Ice              2
   c - Ozocubu's Armour               Charms/Ice                   3
   d - Throw Icicle                   Conjuration/Ice              4
   e - Summon Ice Beast               Ice/Summoning                4
Comestibles
 c - 8 bread rations
 k - 3 royal jellies
 l - 5 meat rations
 p - 3 fruits
 S - 5 chunks of flesh


   Skills:
 + Level 1.3 Fighting
 + Level 2.4 Short Blades
 + Level 1.3 Armour
 + Level 5.0 Dodging
 + Level 6.0 Stealth
 * Level 14.3 Spellcasting
 * Level 12.6 Conjurations
 * Level 8.6 Hexes
 + Level 9.2 Charms


You had 22 spell levels left.
You knew the following spells:

 Your Spells              Type           Power        Failure   Level  Hunger
a - Magic Dart            Conj           ####         1%          1    None
b - Dazzling Spray        Conj/Hex       ######       1%          3    None
c - Iskenderun's Mystic   Conj           ######..     1%          4    None
i - Iskenderun's Battles  Conj/Chrm      ######..     6%          5    ###....
o - Ozocubu's Armour      Chrm/Ice       #####...     10%         3    None


Dungeon Overview and Level Annotations

Branches:
Dungeon (9/15)             Temple (1/1) D:6            Lair (4/6) D:9
  Swamp (0/4) Lair:4        Snake (0/4) Lair:4
    Orc: D:9-12

Altars:
Cheibriados
Dithmenos
Nemelex Xobeh
Okawaru
Qazlal
Ru
Sif Muna
Trog
Vehumet
Xom

Shops:
D:6 }

Annotations:
Lair:2 exclusion: 2 oklob plants, Fannar
Lair:4 exclusion: oklob plant


Message History

Confirm with . or Enter, or press ? or * to list all spells.
Aiming: Dazzling Spray
Press: ? - help, Shift-Dir - straight line, f/p - death yak
Aim: a death yak (severely wounded)
The spray of energy hits the death yak.
The death yak is severely wounded.
The death yak gores you!
* * * LOW HITPOINT WARNING * * *
Your battlesphere fires!
The barrage of energy hits the death yak.
The death yak is almost dead.
Casting: Dazzling Spray
Confirm with . or Enter, or press ? or * to list all spells.
Aiming: Dazzling Spray
Press: ? - help, Shift-Dir - straight line, f/p - death yak
Aim: a death yak (almost dead)
The spray of energy hits the death yak.
The death yak is almost dead.
The death yak is dazzled.
The death yak gores you!!
You die...

#.............................
##.##.'.#...#.................
#...##..###..................#
#...##†P#.###......####.#...#.
##.###Y...###....######.......
##.# #.....##...####....#.....
#..###....###..........#......
##.##.#P####....##....+[.....#
#..#########@.*.##'###.......
#..#.###...Y...P##.#####...P.
#....>.........###..####...##
#..........................##
#............................
##............................
#.............................
#.................[...........
##.............##.##..##......


You could see a death yak (blind) and a friendly battlesphere (wandering).

Vanquished Creatures
  A centaur warrior (D:9)
  3 two-headed ogres
  Maurice (D:8)
  A black mamba (Lair:2)
  7 spiny frogs
  3 komodo dragons
  A troll (D:9)
  6 hippogriffs
  2 basilisks (Lair:3)
  17 yaks
  3 wyverns
  3 hungry ghosts (D:8)
  2 water moccasins (Lair:2)
  Duvessa (D:5)
  3 porcupines (Lair:2)
  An ice beast (D:5)
  An orc warrior (D:9)
  2 sky beasts (D:5)
  3 ogres (D:6)
  A phantom (D:5)
  6 wolves (Lair:2)
  A centaur (D:6)
  6 crocodiles
  7 bullfrogs
  A gnoll sergeant (D:6)
  Dowan (D:5)
  2 scorpions
  An electric eel (Lair:2)
  A crimson imp (D:5)
  A bullfrog zombie (D:9)
  2 quasits
  A jelly (D:5)
  5 orc wizards
  5 orc priests
  Crazy Yiuf (D:2)
  3 hounds
  A bullfrog skeleton (D:7)
  An iguana (D:8)
  Ijyb (D:2)
  6 hell rats (Lair:2)
  2 worker ants (D:8)
  A hound zombie (D:5)
  A hound skeleton (D:6)
  7 gnolls
  14 adders
  3 adder zombies
  2 adder skeletons
  A worm (D:5)
  4 dart slugs
  2 leopard geckos
  24 orcs
  6 bats
  5 giant cockroaches
  11 goblins
  10 hobgoblins
  16 jackals
  7 kobolds
  2 quokkas
  5 ball pythons
  3 frilled lizards
  A jackal zombie (D:5)
  8 rats
250 creatures vanquished.

Vanquished Creatures (collateral kills)
  A water moccasin (Lair:3)
1 creature vanquished.

Vanquished Creatures (others)
  2 fungi (Lair:2)
  A plant (D:9)
3 creatures vanquished.

Grand Total: 254 creatures vanquished

Notes
Turn   | Place    | Note
-------+----------+-------------------------------------------
     0 | D:1      | nubinia the Deep Elf Conjurer began the quest for the Orb.
     0 | D:1      | Reached XP level 1. HP: 10/10 MP: 6/6
   192 | D:1      | Reached XP level 2. HP: 15/15 MP: 6/8
   292 | D:1      | Reached skill level 5 in Conjurations
   630 | D:1      | Reached XP level 3. HP: 19/19 MP: 4/9
   795 | D:1      | Learned a level 3 spell: Dazzling Spray
  1269 | D:2      | Noticed Ijyb
  1504 | D:2      | Reached XP level 4. HP: 24/24 MP: 8/11
  1909 | D:2      | Killed Ijyb
  1917 | D:2      | Reached XP level 5. HP: 27/28 MP: 0/12
  2012 | D:2      | Learned a level 5 spell: Iskenderun's Battlesphere
  2097 | D:2      | Reached skill level 1 in Charms
  2279 | D:2      | Found a runed door.
  2593 | D:3      | Found a shadowy altar of Dithmenos.
  3138 | D:4      | Got a scorched turquoise ring
  3219 | D:4      | Got a slimy rapier
  3220 | D:4      | Identified the cursed +1 rapier of Luxury {antimagic, rN+ MR- Stlth+} (You found it on level 4 of the Dungeon)
  3432 | D:4      | Reached XP level 6. HP: 12/32 MP: 8/13
  3673 | D:4      | Reached skill level 5 in Charms
  4278 | D:2      | Noticed Crazy Yiuf
  4283 | D:2      | Killed Crazy Yiuf
  4678 | D:5      | Entered Level 5 of the Dungeon
  4696 | D:5      | Noticed an ice beast
  4719 | D:5      | Killed an ice beast
  4719 | D:5      | Reached XP level 7. HP: 4/36 MP: 4/14
  5133 | D:5      | Reached skill level 4 in Spellcasting
  5309 | D:5      | Reached skill level 1 in Hexes
  5315 | D:5      | Learned a level 4 spell: Iskenderun's Mystic Blast
  5441 | D:5      | Reached skill level 5 in Spellcasting
  5626 | D:5      | Noticed Duvessa
  5635 | D:5      | Noticed Dowan
  5635 | D:5      | Killed Duvessa
  5638 | D:5      | Killed Dowan
  5807 | D:5      | Reached XP level 8. HP: 42/42 MP: 9/18
  5893 | D:5      | Reached skill level 6 in Spellcasting
  6503 | D:6      | Reached skill level 1 in Short Blades
  6511 | D:6      | Found a staircase to the Ecumenical Temple.
  6520 | Temple   | Entered the Ecumenical Temple
  6532 | Temple   | Became a worshipper of Sif Muna the Loreminder
  6842 | D:6      | Reached skill level 7 in Spellcasting
  6927 | D:6      | Identified the cursed ring of Fadileh {rC+ AC-2} (You found it on level 4 of the Dungeon)
  7108 | D:6      | Found Qasoxzed's Gadget Shop.
  7174 | D:6      | Got a heavily runed tin amulet
  7175 | D:6      | Identified the amulet "Tid Su Dajan" {Harm *Contam *Drain rElec rF+ MR+} (You found it on level 6 of the Dungeon)
  7501 | D:7      | Reached skill level 8 in Spellcasting
  7855 | D:8      | Noticed Maurice
  7861 | D:8      | Killed Maurice
  7861 | D:8      | Reached * piety under Sif Muna
  7861 | D:8      | Reached XP level 9. HP: 46/46 MP: 22/23
  7871 | D:8      | Reached skill level 9 in Spellcasting
  7917 | D:8      | Got a polished ring mail
  8088 | D:8      | Noticed a two-headed ogre
  8095 | D:8      | Killed a two-headed ogre
  8095 | D:8      | Reached ** piety under Sif Muna
  8095 | D:8      | Reached skill level 10 in Spellcasting
  8095 | D:8      | Reached skill level 5 in Hexes
  8342 | D:8      | Noticed a two-headed ogre
  8348 | D:8      | Killed a two-headed ogre
  8348 | D:8      | Reached skill level 5 in Stealth
  8454 | D:8      | Learned a level 3 spell: Ozocubu's Armour
  8529 | D:8      | Reached XP level 10. HP: 51/51 MP: 26/26
  8726 | D:9      | Noticed a two-headed ogre
  8730 | D:9      | Killed a two-headed ogre
  8730 | D:9      | Reached skill level 1 in Fighting
  8730 | D:9      | Reached skill level 11 in Spellcasting
  8846 | D:9      | Noticed a centaur warrior
  8856 | D:9      | Killed a centaur warrior
  8856 | D:9      | Reached skill level 10 in Conjurations
  9334 | D:9      | Reached *** piety under Sif Muna
  9626 | D:9      | Reached skill level 12 in Spellcasting
  9840 | D:9      | Found a staircase to the Lair.
 10125 | Lair:1   | Entered Level 1 of the Lair of Beasts
 10486 | Lair:1   | Reached XP level 11. HP: 56/56 MP: 20/29
 10503 | Lair:1   | Reached **** piety under Sif Muna
 10653 | Lair:1   | Reached skill level 13 in Spellcasting
 11691 | Lair:2   | Noticed an oklob plant
 11692 | Lair:2   | Noticed an oklob plant
 11918 | Lair:2   | Identified the +4 ring mail of Instinct {rPois MR- Regen+ Dex+2} (You found it on level 8 of the Dungeon)
 12533 | Lair:2   | Reached skill level 14 in Spellcasting
 13070 | Lair:3   | Noticed Fannar
 13223 | Lair:3   | Reached skill level 1 in Armour
 13566 | Lair:3   | Reached skill level 5 in Dodging
 14041 | Lair:3   | Upgraded the game from 0.20-a0-517-g5f97612 to 0.20-a0-522-g0b37eee
 14113 | Lair:4   | Noticed an oklob plant
 14150 | Lair:4   | Noticed a death yak
 14151 | Lair:4   | Noticed a death yak
 14152 | Lair:4   | Noticed a death yak
 14176 | Lair:3   | HP: 1/56 [death yak (8)]
 14177 | Lair:3   | Annihilated by a death yak

Vault maps used:
D:1:      dpeg_arrival_simpleton_a
D:2:      uniq_iyjb, uniq_crazy_yiuf_cottage
D:3:      serial_forest, infiniplex_forest_straight_1,
          infiniplex_forest_clump_long, infiniplex_forest_end_2,
          infiniplex_forest_lined_2, infiniplex_forest_3_way,
          infiniplex_forest_clump_diagonal, nicolae_dithmenos_shadow_blocks
D:5:      first_bread, uniq_duvessa
D:6:      lemuel_temple_firewalk_b, serial_shops, nicolae_shop_stone
D:8:      uniq_maurice
D:9:      david_lair_shrubbed
Temple:   nicolae_temple_the_god_donut
Lair:1:   serial_bayou_shore_b
Lair:2:   serial_bayou_pond_b, mumra_transporter_accident,
          minmay_lair_oklob_chamber
Lair:3:   uniq_fannar
Lair:4:   nicolae_swamp_entry_splash_gauntlet, guppyfry_snake_entry_island,
          portal_ice_cave_entry_animals_and_master, st_stairs_4, minivault_26,
          nicolae_lair_grove_arrangements, minmay_lair_oklob_bushes, pond

Skill      XL: |  1  2  3  4  5  6  7  8  9 10 11 |
---------------+----------------------------------+-----
Conjurations   | 5 6 8 9 11 12 | 12.6
Stealth        | 3 4 5 6 |  6.0
Charms         | 4 7 8 9 |  9.2
Spellcasting   | 5 8 10 12 14 | 14.3
Hexes          | 2 4 5 6 8 |  8.6
Dodging        | 3 4 5 |  5.0
Short Blades   | 1 2 |  2.4
Fighting       | 1 |  1.3
Armour         | 1 |  1.3

Action                   |  1- 3 |  4- 6 |  7- 9 | 10-12 || total
-------------------------+-------+-------+-------+-------++-------
Melee: Dagger            |     8 |    23 |    32 |       ||    63
       Short sword       |       |    13 |     7 |    75 ||    95
 Cast: Magic Dart        |    72 |   159 |   155 |    92 ||   478
       Dazzling Spray    |     2 |     2 |    15 |    97 ||   116
       Iskenderun's Batt |       |     1 |    17 |    63 ||    81
       Iskenderun's Myst |       |       |     2 |    16 ||    18
  Use: Scroll            |     4 |     9 |     6 |    12 ||    31
       Potion            |     1 |       |     2 |       ||     3
 Stab: Sleeping          |     1 |     4 |     3 |     7 ||    15
       Invisible         |       |     1 |     1 |     2 ||     4
  Eat: Chunk             |     2 |    10 |    14 |    25 ||    51
       Royal jelly       |       |       |     1 |       ||     1
Armor: Robe              |     3 |    11 |     5 |    10 ||    29
       Ring mail         |       |       |       |    27 ||    27
Dodge: Dodged            |     8 |    35 |    33 |   122 ||   198
